 Dungeon Crawl Stone Soup version 0.22.1-1-ga44c0e5 (webtiles) character file.

100 harcile the Covered (level 4, -5/40 HPs)
             Began as a Hill Orc Fighter on Oct 8, 2018.
             Slain by a gnoll
             ... wielding a +0 spear
              (10 damage)
             ... on level 2 of the Dungeon.
             The game lasted 00:04:18 (1295 turns).

harcile the Covered (Hill Orc Fighter)              Turns: 1295, Time: 00:04:19

Health: -5/40      AC:  7    Str: 19    XL:     4   Next: 73%
Magic:  4/4        EV:  7    Int:  8    God:
Gold:   75         SH:  9    Dex: 10    Spells: 3/3 levels left

rFire    . . .     SeeInvis .   a - +0 long sword
rCold    . . .     Gourm    .   c - +0 shield
rNeg     . . .     Faith    .   b - +0 scale mail
rPois    .         Spirit   .   (no helmet)
rElec    .         Reflect  .   (no cloak)
rCorr    .         Harm     .   (no gloves)
MR       .....                  (no boots)
Stlth    ..........             (no amulet)
HPRegen  0.13/turn              (no ring)
MPRegen  0.09/turn              (no ring)

@: no status effects
A: no striking features
a: no special abilities


You were on level 2 of the Dungeon.
You were not hungry.

You visited 1 branch of the dungeon, and saw 2 of its levels.

You collected 75 gold pieces.

Inventory:

Hand Weapons
 a - a +0 long sword (weapon)
Armour
 b - a +0 scale mail (worn)
 c - a +0 shield (worn)
Scrolls
 g - 2 scrolls of enchant weapon {unknown}
 h - a scroll of identify {unknown}
 i - a scroll of noise {unknown}
 j - a scroll of magic mapping {unknown}
 n - a scroll of amnesia {unknown}
 p - a scroll of remove curse {unknown}
Potions
 d - a potion of might
 e - a potion of heal wounds {unknown}
 l - a potion of resistance {unknown}
 m - a potion of degeneration {unknown}
 o - a potion of curing {unknown}
 q - 2 potions of berserk rage {unknown}
 r - a potion of mutation {unknown}
Comestibles
 f - 3 rations
 k - a chunk of flesh


   Skills:
 + Level 4.2 Fighting
 + Level 3.1 Long Blades
 + Level 4.3 Armour
 + Level 0.7 Dodging
 + Level 3.8 Shields


You had 3 spell levels left.
You didn't know any spells.
Your spell library was empty.

Dungeon Overview and Level Annotations

Branches:
Dungeon (2/15)

Altars:
Cheibriados
Qazlal
Zin


Message History

The gnoll hits you. The gnoll hits you with a flail.
The gnoll hits you from afar with a spear.
The gnoll hits you.
You completely miss the gnoll.
The gnoll is lightly wounded.
The gnoll barely misses you. You block the gnoll's attack.
The gnoll hits you from afar with a spear.
The gnoll hits you. You block the gnoll's attack.
You hit the gnoll but do no damage.
The gnoll is lightly wounded.
The gnoll hits you with a flail!
* * * LOW HITPOINT WARNING * * *
You block the gnoll's attack. x2; The gnoll hits you.
* * * LOW HITPOINT WARNING * * *
You slash the gnoll!
The gnoll is severely wounded.
You block the gnoll's attack. x2; The gnoll hits you but does no damage.
The gnoll barely misses you. You block the gnoll's attack.
The gnoll hits you from afar with a spear!
You die...

....# ....#
.... ... ..
##g# #gg# ##.
#@g# #######...
#.####.......##
#)#............
##...##.......#
#..####.......#
#.## #.>.....#
###.# #.#######
# #...# ###.#
## #.### #...#
##.


You could see 4 gnolls.

Vanquished Creatures
  A crimson imp (D:2)
  2 adders (D:2)
  2 dart slugs (D:1)
  3 leopard geckos (D:1)
  2 bats (D:1)
  A giant cockroach (D:1)
  10 hobgoblins
  2 frilled lizards
  4 goblins
  4 kobolds (D:1)
  9 rats
40 creatures vanquished.

Notes
Turn   | Place    | Note
-------+----------+-------------------------------------------
     0 | D:1      | harcile the Hill Orc Fighter began the quest for the Orb.
     0 | D:1      | Reached XP level 1. HP: 19/19 MP: 1/1
   123 | D:1      | Reached XP level 2. HP: 27/27 MP: 2/2
   389 | D:1      | Reached XP level 3. HP: 33/33 MP: 3/3
  1003 | D:2      | Reached XP level 4. HP: 26/40 MP: 4/4
  1153 | D:2      | Found a snail-covered altar of Cheibriados.
  1197 | D:2      | Found a stormy altar of Qazlal.
  1197 | D:2      | Found a glowing silver altar of Zin.
  1295 | D:2      | Slain by a gnoll

Skill      XL: |  1  2  3 |
---------------+----------+-----
Fighting       | 4 |  4.2
Armour         | 4 |  4.3
Long Blades    | 3 |  3.1
Dodging        | |  0.7
Shields        | |  3.8

Action                   |  1- 3 |  4- 6 || total
-------------------------+-------+-------++-------
Melee: Long sword        |   113 |    34 ||   147
  Eat: Chunk             |       |     2 ||     2
Armor: Scale mail        |    54 |    17 ||    71
Dodge: Dodged            |    54 |    11 ||    65
Block: Shield            |    57 |    19 ||    76
       Rpst.: Long sword |    19 |     2 ||    21
